 Dungeon Crawl Stone Soup version 0.30.2 (webtiles) character file.

Game seed: 3727741267612277956

15116 Ashen the Thaumaturge (level 12, -6/91 HPs)
             Began as a Gnoll Hedge Wizard on Jan 30, 2024.
             Was an Elder of Sif Muna.
             Mangled by a minotaur
             ... wielding a +4 antimagic battleaxe
              (36 damage)
             ... in a Gauntlet.
             The game lasted 01:13:21 (15526 turns).

Ashen the Thaumaturge (Gnoll Hedge Wizard)         Turns: 15526, Time: 01:13:21

Health: -6/91      AC: 14    Str: 11    XL:     12   Next: 23%
Magic:  1/26       EV: 19    Int: 18    God:    Sif Muna [****..]
Gold:   837        SH:  0    Dex: 11    Spells: 22/31 levels left

rFire   . . .        q - +2 short sword (venom)
rCold   + . .        (no shield)
rNeg    . . .        l - +4 troll leather armour
rPois   .            z - +1 hat {SInv}
rElec   .            p - +0 cloak
rCorr   .            j - +2 pair of gloves
SInv    +            (no boots)
Will    +....        (no amulet)
Stlth   ++           A - ring of willpower
HPRegen 1.15/turn    o - ring of protection from cold
MPRegen 0.20/turn

%: no teleportation
@: agile, studying Throwing, very slow
A: fangs 1, strong nose, distributed training
a: Renounce Religion, Channel Magic, Forget Spell, Divine Exegesis


You were in a Gauntlet.
You worshipped Sif Muna.
Sif Muna was greatly pleased with you.
You visited 3 branches of the dungeon, and saw 13 of its levels.
You also visited: Bailey and Gauntlet.

You collected 837 gold pieces.

Inventory:

Hand Weapons
 q - a +2 short sword of venom (weapon)
Missiles
 M - 13 atropa-tipped darts
 N - 17 poisoned darts
 O - 15 curare-tipped darts
Armour
 j - a +2 pair of gloves (worn)
 l - a +4 troll leather armour (worn)
 p - a +0 cloak (worn)
 z - a +1 hat of see invisible (worn)
 C - a +2 robe of willpower
Magical Staves
 a - a staff of fire
 g - a staff of air
Jewellery
 h - the ring "Lomam" {rC+ rCorr Int+6}
   (You found it in a Gauntlet)

   [ring of intelligence]

   Int:       It affects your intelligence (+6).
   rC:        It protects you from cold.
   rCorr:     It protects you from acid and corrosion.
 o - a ring of protection from cold (right hand)
 A - a ring of willpower (left hand)
 L - the ring "Nied Ceo" {Wiz *Corrode rN++ Str+4 Stlth+}
   (You found it on level 10 of the Dungeon)

   [ring of wizardry]

   It improves your spell success rate.
   Str:       It affects your strength (+4).
   rN:        It greatly protects you from negative energy.
   *Corrode:  It may corrode you when you take damage.
   Stlth:     It makes you more stealthy.
 R - an amulet of the acrobat
Scrolls
 e - 3 scrolls of immolation {unknown}
 f - 2 scrolls of magic mapping {unknown}
 m - a scroll of torment {unknown}
 r - a scroll of silence {unknown}
 u - 2 scrolls of fear {unknown}
 x - 2 scrolls of poison {unknown}
 y - 3 scrolls of fog {unknown}
 F - 3 scrolls of teleportation
 G - a scroll of blinking {unknown}
 I - 2 scrolls of enchant weapon {unknown}
 J - a scroll of amnesia {unknown}
 Q - a scroll of noise {unknown}
Potions
 b - a potion of brilliance
 c - a potion of heal wounds
 d - 2 potions of magic
 i - 4 potions of mutation
 k - 5 potions of curing
 n - 3 potions of lignification
 s - 2 potions of cancellation
 t - 6 potions of degeneration
 v - 2 potions of invisibility
 w - 2 potions of haste
 B - 3 potions of ambrosia
 E - 3 potions of might
 H - a potion of resistance
Miscellaneous
 K - a tin of tremorstones (inert)
 P - a phial of floods (inert)


   Skills:
 + Level 7.3 Fighting
 + Level 7.3 Short Blades
 + Level 7.3 Long Blades
 + Level 7.3 Axes
 + Level 7.3 Maces & Flails
 + Level 7.3 Polearms
 + Level 7.3 Staves
 + Level 7.3 Ranged Weapons
 + Level 9.5 Throwing
 + Level 7.3 Armour
 + Level 8.7 Dodging
 + Level 8.5 Stealth
 + Level 7.3 Shields
 + Level 7.3 Unarmed Combat
 + Level 10.3 Spellcasting
 + Level 6.5 Conjurations
 + Level 6.1 Hexes
 + Level 6.5 Summonings
 + Level 6.1 Necromancy
 + Level 6.5 Translocations
 + Level 6.1 Transmutations
 + Level 6.1 Fire Magic
 + Level 6.1 Ice Magic
 + Level 6.1 Air Magic
 + Level 6.1 Earth Magic
 + Level 6.1 Poison Magic
 + Level 8.1 Invocations
 + Level 7.3 Evocations


You had 22 spell levels left.
You knew the following spells:

 Your Spells              Type           Power      Damage    Failure   Level
a - Magic Dart            Conj           100%       1d8       1%          1
b - Blink                 Tloc           64%        N/A       1%          2
c - Mephitic Cloud        Conj/Pois/Air  31%        N/A       2%          3
d - Stone Arrow           Conj/Erth      64%        3d11      2%          3

Your spell library contained the following spells:

 Spells                   Type           Power      Damage    Failure   Level
 Apportation              Tloc           64%        N/A       1%          1
 Kiss of Death            Conj/Necr      100%       2d13      1%          1
 Sandblast                Erth           62%        2d14      1%          1
 Slow                     Hex            100%       N/A       1%          1
 Sting                    Tmut/Pois      100%       1d8       1%          1
 Call Imp                 Summ           64%        N/A       1%          2
 Cigotuvi's Dreadful Rot  Necr/Pois/Air  62%        N/A       1%          2
 Passwall                 Tmut/Erth      25%        N/A       1%          2
 Poisonous Vapours        Pois/Air       62%        N/A       1%          2
 Confusing Touch          Hex            31%        N/A       2%          3
 Dazzling Flash           Conj/Hex       64%        N/A       2%          3
 Portal Projectile        Hex/Tloc       64%        N/A       2%          3
 Tukima's Dance           Hex            31%        N/A       2%          3
 Volatile Blastmotes      Fire/Tloc      64%        2d15      2%          3
 Animate Armour           Summ/Erth      64%        N/A       7%          4
 Iskenderun's Mystic Bla  Conj/Tloc      32%        2d8       7%          4
 Dispel Undead            Necr           31%        3d14      8%          4
 Olgreb's Toxic Radiance  Pois           31%        N/A       8%          4
 Alistair's Intoxication  Tmut/Pois      20%        N/A       22%         5
 Blade Hands              Tmut           15%        N/A       22%         5
 Starburst                Conj/Fire      16%        6d6       73%         6
 Discord                  Hex            15%        N/A       100%        8
 Ignition                 Fire           15%        3d6       100%        8
 Lehudib's Crystal Spear  Conj/Erth      16%        10d5      100%        8


Dungeon Overview and Level Annotations

Branches:
Dungeon (10/15)            Temple (1/1) D:5            Lair (2/5) D:8
    Orc (0/2) D:10         Bailey (visited)         Gauntlet (1/1)
  Swamp: Lair:2-3    Shoals: Lair:2-3     Snake: Lair:2-3    Spider: Lair:2-3

Altars:
Ashenzari
Cheibriados
Dithmenos
Elyvilon
Fedhas
Gozag
Hepliaklqana
Kikubaaqudgha
Makhleb
Nemelex Xobeh
Okawaru
Qazlal
Ru
Sif Muna
Trog
Uskayaw
Vehumet
Wu Jian
Xom
Yredelemnul
Zin
The Shining One

Shops:
D:4 :

Annotations:
Gauntlet 6 transporters, 4 runed translucent doors


Innate Abilities, Weirdness & Mutations

You have very sharp teeth.
Your uncanny sense of smell can sniff out nearby items.
Your experience applies equally to all skills.


Message History

Really walk into that cloud of noxious fumes?
Okay, then.
The minotaur barely misses you. x2
You hit the minotaur but do no damage.
The minotaur looks as sick as possible!
The minotaur is moderately wounded.
The minotaur hits you with a +4 antimagic battleaxe!!
You feel your power leaking away. The minotaur closely misses you.
Unknown command.
You catch the helpless minotaur completely off-guard!
You puncture the minotaur!
The minotaur is moderately wounded.
You barely miss the minotaur.
You bite the minotaur, but do no damage.
The minotaur is moderately wounded.
The minotaur seems less confused.
The minotaur hits you with a +4 antimagic battleaxe!
You feel your power leaking away. The minotaur gores you!
Aim the phial where?
Press: ? - help, Shift-Dir - straight line, f/p - minotaur
Aim: a minotaur, wielding a +4 antimagic battleaxe, wearing +1 pearl dragon scales, wearing the ring "Qiog" {rElec rCorr SInv} and quivering silver javelins (moderately wounded, extremely poisoned)
The torrent of water hits the minotaur!!
The minotaur is severely wounded.
The minotaur is engulfed in water.
The wave splashes down.
Splash!
You fall into the shallow water.
Moving in this stuff is going to be slow.
The minotaur barely misses you. The minotaur completely misses you.
Unknown command.
The tremorstone explodes into fragments!
The burst of rock shards engulfs the minotaur but does no damage.
The burst of rock shards engulfs you!
The burst of rock shards engulfs the minotaur but does no damage.
The burst of rock shards engulfs you.
The burst of rock shards engulfs the minotaur but does no damage.
The burst of rock shards engulfs you but does no damage.
The tin is emptied!
The minotaur hits you with a +4 antimagic battleaxe!!!
You die...

#...##≈.#
########.⌠.#≈≈.#
#..........##≈.#
##.##.###.⌠.###.#
#8..........##..#
#.....#.#.⌠.#...#
#########.#.#...#.∩.#
#8)8=8.8#...#.©.#...#
#∩~H@~..'.###...#.⌠..
#8)8/8.8#...#.©.#...#
#########.#.#...#.∩.#
#.....#.#.⌠.#...#
#8..........##..#
##.##.###.⌠.###.#
#..........##≈.#
########.⌠.#≈≈.#
#...##≈.#


You could see a minotaur (extremely poisoned, waterlogged).

Vanquished Creatures
  The ghost of Leralyudypt the Basher, a journeyman TrGl of Makhleb (Lair:1)
  A two-headed ogre (D:8)
  A sixfirhy (Gauntlet)
  A wizard (Gauntlet)
  An apocalypse crab (Gauntlet)
  2 black mambas (Lair:1)
  4 cane toads (Lair:1)
  5 komodo dragons (Lair:1)
  A kobold demonologist (D:10)
  A troll (D:10)
  A hornet (D:9)
  4 blink frogs (Lair:1)
  A shadow (D:9)
  3 wyverns
  A basilisk (Lair:1)
  A steam dragon (Lair:1)
  9 yaks
  An acid dragon (D:8)
  6 water moccasins
  10 orc warriors
  2 sky beasts
  3 black bears
  An ice beast (D:6)
  An ogre (D:6)
  4 centaurs
  6 wolves (Lair:1)
  9 kobold brigands
  Blork the orc (D:5)
  6 bullfrogs
  3 scorpions
  A gnoll sergeant (D:8)
  3 wights
  5 killer bees (D:10)
  3 howler monkeys (D:9)
  2 quasits
  5 hounds
  A jelly (D:5)
  8 orc priests
  4 iguanas
  8 orc wizards
  10 adders
  4 gnolls (D:8)
  4 shadow imps
  4 white imps
  7 ufetubi
  3 worms
  3 dart slugs (D:3)
  67 orcs
  6 endoplasms
  6 giant cockroaches
  11 goblins
  6 hobgoblins
  23 kobolds
  5 quokkas
  11 ball pythons
  3 bats
  4 frilled lizards
  2 rats
310 creatures vanquished.

Notes
Turn   | Place    | Note
-------+----------+-------------------------------------------
     0 | D:1      | Ashen the Gnoll Hedge Wizard began the quest for the Orb.
     0 | D:1      | Reached XP level 1. HP: 13/13 MP: 8/8
   147 | D:1      | Reached XP level 2. HP: 19/19 MP: 7/10
   768 | D:1      | Reached XP level 3. HP: 25/25 MP: 8/11
   771 | D:1      | Learned a level 2 spell: Blink
   775 | D:1      | Learned a level 3 spell: Mephitic Cloud
  1095 | D:2      | Reached skill level 1 in Invocations
  1160 | D:2      | Reached skill level 1 in Fighting
  1160 | D:2      | Reached skill level 1 in Short Blades
  1160 | D:2      | Reached skill level 1 in Long Blades
  1160 | D:2      | Reached skill level 1 in Axes
  1160 | D:2      | Reached skill level 1 in Maces & Flails
  1160 | D:2      | Reached skill level 1 in Polearms
  1160 | D:2      | Reached skill level 1 in Staves
  1160 | D:2      | Reached skill level 1 in Ranged Weapons
  1160 | D:2      | Reached skill level 1 in Throwing
  1160 | D:2      | Reached skill level 1 in Armour
  1160 | D:2      | Reached skill level 1 in Shields
  1160 | D:2      | Reached skill level 1 in Unarmed Combat
  1160 | D:2      | Reached skill level 1 in Evocations
  1343 | D:2      | Reached XP level 4. HP: 32/32 MP: 7/13
  1836 | D:2      | Reached skill level 1 in Hexes
  1836 | D:2      | Reached skill level 1 in Necromancy
  1836 | D:2      | Reached skill level 1 in Transmutations
  1836 | D:2      | Reached skill level 1 in Fire Magic
  1836 | D:2      | Reached skill level 1 in Ice Magic
  1836 | D:2      | Reached skill level 1 in Air Magic
  1836 | D:2      | Reached skill level 1 in Earth Magic
  1836 | D:2      | Reached skill level 1 in Poison Magic
  2278 | D:3      | Found a faded altar of an unknown god.
  2290 | D:3      | You fall into a shaft and drop 1 floor!
  2302 | D:4      | Noticed an ice beast
  2388 | D:4      | Found Odoogar's Tremendous Tomes.
  2834 | D:3      | Reached XP level 5. HP: 37/37 MP: 9/14
  3645 | D:5      | Entered Level 5 of the Dungeon
  3746 | D:5      | Noticed a black bear
  3759 | D:5      | Killed a black bear
  3760 | D:5      | Reached skill level 5 in Dodging
  3760 | D:5      | Reached XP level 6. HP: 43/44 MP: 13/16
  4047 | D:5      | Reached XP level 7. HP: 50/50 MP: 13/18
  4394 | D:5      | Found a staircase to the Ecumenical Temple.
  4407 | Temple   | Entered the Ecumenical Temple
  4748 | Temple   | Became a worshipper of Sif Muna the Loreminder
  4961 | D:5      | Noticed Blork the orc
  4979 | D:5      | Killed Blork the orc
  4980 | D:5      | Reached skill level 5 in Stealth
  5577 | D:6      | Noticed a yak
  5577 | D:6      | Noticed a yak
  5595 | D:6      | Noticed a yak
  5597 | D:6      | Noticed a yak
  5604 | D:6      | Reached XP level 8. HP: 41/58 MP: 13/19
  5739 | D:5      | Killed a yak
  5992 | D:6      | Reached skill level 8 in Spellcasting
  6049 | D:6      | Reached * piety under Sif Muna
  6194 | D:6      | Noticed a yak
  6200 | D:6      | Noticed a yak
  6209 | D:6      | Killed a yak
  6221 | D:6      | Killed a yak
  6231 | D:6      | Killed a yak
  6292 | D:6      | Killed a yak
  6293 | D:6      | Reached XP level 9. HP: 40/65 MP: 7/21
  6680 | D:7      | Found a sacrificial altar of Ru.
  6696 | D:7      | Found an opulent altar of Gozag.
  7636 | D:7      | Reached skill level 5 in Invocations
  7764 | D:7      | Found an opulent altar of Gozag.
  7879 | D:7      | Found a sacrificial altar of Ru.
  8161 | D:8      | Noticed a two-headed ogre
  8478 | D:8      | Found a staircase to the Lair.
  8809 | D:8      | Reached skill level 5 in Throwing
  9196 | D:8      | Killed a two-headed ogre
  9197 | D:8      | Reached skill level 5 in Fighting
  9197 | D:8      | Reached skill level 5 in Short Blades
  9197 | D:8      | Reached skill level 5 in Long Blades
  9197 | D:8      | Reached skill level 5 in Axes
  9197 | D:8      | Reached skill level 5 in Maces & Flails
  9197 | D:8      | Reached skill level 5 in Polearms
  9197 | D:8      | Reached skill level 5 in Staves
  9197 | D:8      | Reached skill level 5 in Ranged Weapons
  9197 | D:8      | Reached skill level 5 in Armour
  9197 | D:8      | Reached skill level 5 in Shields
  9197 | D:8      | Reached skill level 5 in Unarmed Combat
  9197 | D:8      | Reached skill level 5 in Evocations
  9197 | D:8      | Reached XP level 10. HP: 25/74 MP: 16/22
  9379 | D:8      | Identified the +5 ring mail "Maz Irap" {Str+3}
  9480 | D:8      | Reached ** piety under Sif Muna
  9825 | D:8      | Found a staircase to the Lair.
 10168 | D:9      | Reached skill level 9 in Spellcasting
 10884 | D:9      | Reached skill level 5 in Conjurations
 10884 | D:9      | Reached skill level 5 in Summonings
 10884 | D:9      | Reached skill level 5 in Translocations
 11321 | D:10     | Entered Level 10 of the Dungeon
 11730 | D:10     | Identified the ring "Nied Ceo" {Wiz *Corrode rN++ Str+4
                  | Stlth+}
 11755 | D:10     | Found a staircase to the Orcish Mines.
 11765 | D:10     | Learned a level 3 spell: Stone Arrow
 11780 | D:10     | Reached *** piety under Sif Muna
 11908 | D:10     | Found a flagged portal.
 11920 | Bailey   | Entered a bailey
 12109 | Bailey   | Identified the +3 great mace "Saubruq" {heavy, Str+4}
 12283 | Bailey   | Reached skill level 5 in Hexes
 12283 | Bailey   | Reached skill level 5 in Necromancy
 12283 | Bailey   | Reached skill level 5 in Transmutations
 12283 | Bailey   | Reached skill level 5 in Fire Magic
 12283 | Bailey   | Reached skill level 5 in Ice Magic
 12283 | Bailey   | Reached skill level 5 in Air Magic
 12283 | Bailey   | Reached skill level 5 in Earth Magic
 12283 | Bailey   | Reached skill level 5 in Poison Magic
 12305 | Bailey   | Reached XP level 11. HP: 56/81 MP: 5/24
 12445 | Bailey   | Found a bloodstained altar of Trog.
 12954 | D:10     | Identified the +3 hand axe of Feomn {pain, Int+2}
 13173 | Lair:1   | Entered Level 1 of the Lair of Beasts
 13307 | Lair:1   | Reached **** piety under Sif Muna
 13682 | Lair:1   | Found a runed translucent door.
 14067 | Lair:1   | Reached skill level 10 in Spellcasting
 14822 | Lair:1   | Reached XP level 12. HP: 91/91 MP: 16/26
 14922 | Lair:1   | Noticed Leralyudypt's ghost (journeyman TrGl)
 15077 | Lair:1   | Killed Leralyudypt's ghost
 15166 | Lair:2   | Found a gate leading to a gauntlet.
 15172 | Gauntlet | Entered a Gauntlet
 15172 | Gauntlet | Found a transporter.
 15172 | Gauntlet | Found a runed translucent door.
 15172 | Gauntlet | Found a transporter.
 15179 | Gauntlet | Found a runed translucent door.
 15190 | Gauntlet | Found a transporter.
 15194 | Gauntlet | Found a transporter.
 15206 | Gauntlet | Found a transporter.
 15207 | Gauntlet | Found a transporter.
 15209 | Gauntlet | Noticed a tengu warrior
 15210 | Gauntlet | Found a runed translucent door.
 15210 | Gauntlet | Found a runed translucent door.
 15214 | Gauntlet | Found a transporter.
 15223 | Gauntlet | Noticed a cacodemon
 15227 | Gauntlet | Found a transporter.
 15245 | Gauntlet | Found a transporter.
 15249 | Gauntlet | Found a transporter.
 15257 | Gauntlet | Found a transporter.
 15261 | Gauntlet | Found a transporter.
 15473 | Gauntlet | Identified the ring "Lomam" {rC+ rCorr Int+6}
 15502 | Gauntlet | Identified the ring "Qiog" {rElec rCorr SInv}
 15502 | Gauntlet | Noticed a minotaur
 15526 | Gauntlet | Mangled by a minotaur

Illustrated notes

Levels and vault maps discovered:
D:1:      lemuel_arrival_lava_pool, layout_loops_cross, minmay_pentomino_t2
D:2:      layout_loops_ring
D:3:      layout_rooms, chequers_ecumenical_altar_island, grunt_ministairs_14
D:4:      layout_basic, nicolae_shop_i_like_big_books
D:5:      layout_cave_pools, temple_fountains, minmay_crystal_water,
          chequers_avenue, minivault_26, nrook_campfire, st_stairs_4,
          uniq_blork_the_orc
D:6:      layout_loops_cross
D:7:      layout_rooms, mainiacjoe_overflow_large_starburst, minmay_manual_moon
D:8:      layout_rooms, lair_entry_dummy, serial_demonic, serial_demonic_e,
          serial_demonic_c, serial_demonic_d, serial_demonic_a
D:9:      layout_cave_pods, serial_column_ruins, column_ruins_corridor_straight,
          column_ruins_open_tiny, column_ruins_open_tiny, column_ruins_open_tiny
D:10:     layout_big_octagon, hiddenorc2_lemuel, serial_column_ruins,
          column_ruins_grid_4, column_ruins_corridor_water,
          column_ruins_open_tiny, column_ruins_columns_straight,
          column_ruins_open_small, column_ruins_grid_3,
          column_ruins_corridor_straight, enter_bailey_2, minmay_holes
Temple:   mainiacjoe_temple_cubbyholes
Lair:1:   layout_hall_layers, ebering_ghost_reflecting_pool, st_stairs_11,
          grunt_megastairs_4
Lair:2:   layout_cave_pods, minmay_snake_entry_six_corridors,
          gauntlet_entry_generic, portal_ice_cave_entry_pillars_1, uniq_amaemon
Gauntlet: minmay_gauntlet_77_indecision [minmay_gauntlet_arena_77_broken_ladder,
          minmay_gauntlet_arena_77_cramped, minmay_gauntlet_arena_77_museum,
          minmay_gauntlet_arena_77_p_blocks,
          minmay_gauntlet_arena_77_radiant_squares,
          minmay_gauntlet_arena_77_shame_cube,
          nicolae_gauntlet_exit_dead_adventurers]

Skill      XL: |  1  2  3  4  5  6  7  8  9 10 11 12 |
---------------+-------------------------------------+-----
Conjurations   | 2 3 4 5 6 |  6.5
Summonings     | 2 3 4 5 6 |  6.5
Translocations | 2 3 4 5 6 |  6.5
Invocations    | 1 2 3 4 5 6 7 8 |  8.1
Fighting       | 1 2 3 4 5 6 7 |  7.3
Short Blades   | 1 2 3 4 5 6 7 |  7.3
Long Blades    | 1 2 3 4 5 6 7 |  7.3
Axes           | 1 2 3 4 5 6 7 |  7.3
Maces & Flails | 1 2 3 4 5 6 7 |  7.3
Polearms       | 1 2 3 4 5 6 7 |  7.3
Staves         | 1 2 3 4 5 6 7 |  7.3
Ranged Weapons | 1 2 3 4 5 6 7 |  7.3
Throwing       | 1 2 3 4 5 7 9 |  9.5
Armour         | 1 2 3 4 5 6 7 |  7.3
Shields        | 1 2 3 4 5 6 7 |  7.3
Unarmed Combat | 1 2 3 4 5 6 7 |  7.3
Evocations     | 1 2 3 4 5 6 7 |  7.3
Hexes          | 1 2 3 4 5 6 |  6.1
Necromancy     | 1 2 3 4 5 6 |  6.1
Transmutations | 1 2 3 4 5 6 |  6.1
Fire Magic     | 1 2 3 4 5 6 |  6.1
Ice Magic      | 1 2 3 4 5 6 |  6.1
Air Magic      | 1 2 3 4 5 6 |  6.1
Earth Magic    | 1 2 3 4 5 6 |  6.1
Poison Magic   | 1 2 3 4 5 6 |  6.1
Dodging        | 5 6 7 8 |  8.7
Stealth        | 5 6 7 8 |  8.5
Spellcasting   | 8 9 10 | 10.3

Action                     |  1- 3 |  4- 6 |  7- 9 | 10-12 || total
---------------------------+-------+-------+-------+-------++-------
  Melee: Dagger            |     1 |       |       |       ||     1
         Spear             |    17 |       |       |       ||    17
         Bite              |     2 |     4 |    39 |    45 ||    90
         Short sword       |    14 |    51 |   261 |   403 ||   729
         Punch             |       |       |     5 |    23 ||    28
   Cast: Magic Dart        |    59 |   114 |    88 |    94 ||   355
         Blink             |       |     3 |    20 |    15 ||    38
         Mephitic Cloud    |       |     6 |    49 |    64 ||   119
         Stone Arrow       |       |       |       |    82 ||    82
 Invoke: Channel Magic     |       |       |       |     2 ||     2
  Evoke: Wand              |       |       |     4 |     8 ||    12
         Tin of tremorston |       |       |       |     3 ||     3
         Phial of floods   |       |       |       |     1 ||     1
    Use: Scroll            |       |       |       |    17 ||    17
         Potion            |       |       |       |     8 ||     8
   Stab: Sleeping          |     4 |     4 |     2 |       ||    10
         Confused          |       |     5 |    23 |    35 ||    63
         Paralysed         |       |       |     3 |     6 ||     9
         Distracted        |       |       |       |     1 ||     1
 Armour: Robe              |     4 |    11 |    85 |    28 ||   128
         Troll leather arm |       |       |       |    69 ||    69
  Dodge: Dodged            |    19 |    28 |   213 |   269 ||   529
